AoeStats
← DonphanJoey

Arena

509179431Analyzed
1v1 RM · 5d ago on Sep 25, 2026· 69m 41s· 2 players
Game mode
Random Map
Map size
Tiny (2 player)
Population
200
Speed
Normal
Resources
Standard
Victory
Conquest
Starting age
Dark Age
Ending age
Imperial Age
RankedLock teamsTeams togetherTeam positionsShared explorationLock speedFull tech treeHidden civsTurbo modeCheats
Victory
Defeat
🇬🇧 Magyars · United Kingdom
958
+18
🇬🇧 Huns · United Kingdom
996
-51
MakaPakaUK
10:20 Feudal Age
11:49 Double-Bit Axe
17:35 Castle Age
16:38 Horse Collar
18:37 Forging
22:18 Wheelbarrow
22:48 Bloodlines
23:54 Pikeman
25:51 Iron Casting
25:23 Scale Barding Armor
25:33 Town Watch
26:36 Bow Saw
26:31 Squires
27:55 Town Patrol
28:19 Hand Cart
29:29 Scale Mail Armor
31:30 Chain Barding Armor
31:25 Marauders
31:30 Husbandry
31:48 Stone Mining
35:45 Imperial Age
33:56 Gold Mining
36:26 Cavalier
36:55 Halberdier
38:01 Conscription
38:33 Heavy Plow
39:32 Elite Tarkan
41:35 Blast Furnace
40:50 Chain Mail Armor
42:26 Gold Shaft Mining
42:45 Loom
45:39 Paladin
47:53 Plate Barding Armor
49:23 Two-Man Saw
49:28 Murder Holes
49:53 Ballistics
63:07 Light Cavalry
63:58 Hussar
68:23 Elite Skirmisher
70:09 Chemistry
70:12 Thumb Ring
DonphanJoey
11:14 Feudal Age
9:29 Loom
11:40 Double-Bit Axe
11:39 Horse Collar
17:51 Castle Age
16:18 Stone Mining
18:47 Bow Saw
19:04 Heavy Plow
24:09 Gold Mining
25:18 Wheelbarrow
24:59 Bloodlines
24:49 Husbandry
26:05 Gold Shaft Mining
26:41 Hand Cart
30:59 Imperial Age
30:51 Scale Barding Armor
30:39 Fletching
30:49 Padded Archer Armor
32:21 Chain Barding Armor
31:58 Bodkin Arrow
32:12 Town Watch
33:21 Conscription
32:23 Elite Magyar Huszar
34:15 Two-Man Saw
34:25 Bracer
34:49 Leather Archer Armor
35:22 Crop Rotation
36:02 Plate Barding Armor
36:06 Town Patrol
36:19 Corvinian Army
37:53 Hoardings
36:49 Elite Skirmisher
37:46 Thumb Ring
38:58 Ring Archer Armor
39:38 Light Cavalry
41:50 Ballistics
42:30 Chemistry
41:11 Treadmill Crane
41:28 Murder Holes
41:44 Masonry
44:10 Pikeman
44:54 Scale Mail Armor
45:37 Halberdier
46:37 Chain Mail Armor
57:24 Onager
Connection lost

Rejoining the realm…

Still unreachable

The connection could not be restored.

Session expired

The server has moved on; the page needs a fresh start.